 Dungeon Crawl Stone Soup version 0.28-a0-563-gf77a47075d (webtiles) character file.

Game seed: 16725614940091966607

623 Gargoyl the Skirmisher (level 7, 0/60 HPs)
             Began as a Gnoll Abyssal Knight on Sept 30, 2021.
             Was a Believer of Lugonu.
             Slain by a mummy (16 damage)
             ... in an ossuary.
             The game lasted 00:05:47 (3875 turns).

Gargoyl the Skirmisher (Gnoll Abyssal Knight)       Turns: 3875, Time: 00:05:48

Health: 0/60       AC:  5    Str: 15    XL:     7   Next: 47%
Magic:  11/11      EV: 12    Int:  9    God:    Lugonu [**....]
Gold:   253        SH:  0    Dex: 12    Spells: 11/11 levels left

rFire   . . .      SeeInvis .   a - +1 hand axe (vorpal)
rCold   . . .      Faith    .   (no shield)
rNeg    . . .      Spirit   .   b - +0 leather armour
rPois   .          Reflect  .   (no helmet)
rElec   .          Harm     .   (no cloak)
rCorr   .          Rampage  .   (no gloves)
Will    .....                   g - +1 pair of boots
Stlth   ++........              (no amulet)
HPRegen 0.20/turn               (no ring)
MPRegen 0.12/turn               (no ring)

@: hasted, very quick
A: fangs 1, strong nose, distributed training
a: Renounce Religion, Depart the Abyss, Bend Space


You were in an ossuary.
You worshipped Lugonu.
Lugonu was pleased with you.
You visited 1 branch of the dungeon, and saw 4 of its levels.
You visited the Abyss 1 time.
You also visited: Ossuary.

You collected 253 gold pieces.

Inventory:

Hand Weapons
 a - a +1 vorpal hand axe (weapon)
 c - the +9 executioner's axe of Descent {vorpal, rF+ Will- Dex+2 Stlth+}
   (You acquired it on level 2 of the Abyss)

   It inflicts extra damage upon your enemies.
   Dex:       It affects your dexterity (+2).
   rF:        It protects you from fire.
   Will:      It decreases your willpower.
   Stlth:     It makes you more stealthy.
Missiles
 h - 13 poisoned darts (quivered)
Armour
 b - a +0 leather armour (worn)
 g - a +1 pair of boots (worn)
Scrolls
 e - 3 scrolls of teleportation
 j - a scroll of silence {unknown}


   Skills:
 + Level 7.0 Fighting
 + Level 2.5 Short Blades
 + Level 2.5 Long Blades
 + Level 5.2 Axes
 + Level 2.5 Maces & Flails
 + Level 2.5 Polearms
 + Level 2.5 Staves
 + Level 2.5 Slings
 + Level 2.5 Bows
 + Level 2.5 Crossbows
 + Level 2.5 Throwing
 + Level 5.2 Armour
 + Level 3.6 Dodging
 + Level 2.5 Stealth
 + Level 2.5 Shields
 + Level 2.5 Unarmed Combat
 + Level 2.5 Spellcasting
 + Level 2.0 Conjurations
 + Level 2.0 Hexes
 + Level 2.0 Summonings
 + Level 2.0 Necromancy
 + Level 2.0 Translocations
 + Level 2.0 Transmutations
 + Level 2.0 Fire Magic
 + Level 2.0 Ice Magic
 + Level 2.0 Air Magic
 + Level 2.0 Earth Magic
 + Level 2.0 Poison Magic
 + Level 5.4 Invocations
 + Level 2.5 Evocations


You had 11 spell levels left.
You didn't know any spells.
Your spell library was empty.

Dungeon Overview and Level Annotations

Branches:
Dungeon (4/15)            Ossuary (1/1)
 Temple: D:4-7

Altars:
Elyvilon


Innate Abilities, Weirdness & Mutations

You have very sharp teeth.
Your uncanny sense of smell can sniff out nearby items.
Your experience applies equally to all skills.


Message History

Your Hexes skill increases to level 2!
Your Summonings skill increases to level 2!
Your Necromancy skill increases to level 2!
Your Translocations skill increases to level 2!
Your Transmutations skill increases to level 2!
Your Fire Magic skill increases to level 2!
Your Ice Magic skill increases to level 2!
Your Air Magic skill increases to level 2!
Your Earth Magic skill increases to level 2!
Your Poison Magic skill increases to level 2!
You slash the scorpion zombie!
You destroy the scorpion zombie!
Lugonu accepts your kill.
You hit the scorpion zombie. The scorpion zombie closely misses you.
Unknown command.
You slash the scorpion zombie!
You destroy the scorpion zombie!
Lugonu accepts your kill.
You feel a strong urge to attack something.
h - 13 poisoned darts (gained 1)
You see here a scorpion corpse.
You feel your anger nearly subside.
You are no longer berserk.
You are exhausted.
You feel yourself slow down.
You start resting.
You feel yourself speed up.
You start resting.
You recover from your berserk rage.
You start resting.
A mummy is nearby!
A mummy is nearby!
You see here a poisoned dart.
It was a potion of haste.
You feel yourself speed up. The mummy hits you!
* * * LOW HITPOINT WARNING * * *
You hit the mummy but do no damage. You barely miss the mummy.
You bite the mummy.
The mummy is lightly damaged.
The mummy hits you!
You die...

##8...8### #.......#.
#...8...'. #...#...#.
##+###########'#######
#(....#.....#...#...#.
#.....#.....'...#...8.
#.....8.....#...#.....
#....@†.....######8...
#.....M.....#M!!#.....
###8.....8###..!#...8.
#...........#!!?#...#.
#...........##+###†###
#.....8.....# #...#.
#.....#.....' #.∩.'.
#.....#.....# #...#.
############# ######


You could see a mummy.

Vanquished Creatures
  An ogre (D:3)
  A centaur (D:4)
  3 scorpions (Ossuary)
  A human zombie (Ossuary)
  2 iguanas
  3 scorpion zombies (Ossuary)
  A mummy (D:4)
  A gnoll (D:1)
  4 adders
  2 dart slugs (D:1)
  An orc (D:3)
  4 bats
  9 endoplasms
  3 giant cockroaches (D:2)
  A goblin (D:1)
  9 hobgoblins
  2 jackals (D:3)
  4 kobolds
  3 quokkas
  8 ball pythons
  4 frilled lizards
  A hobgoblin zombie (Ossuary)
  A kobold zombie (Ossuary)
  An orc zombie (Ossuary)
  5 rats
75 creatures vanquished.

Notes
Turn   | Place    | Note
-------+----------+-------------------------------------------
     0 | Abyss:1  | Gargoyl the Gnoll Abyssal Knight began the quest for the
                  | Orb.
     0 | Abyss:1  | Reached XP level 1. HP: 23/23 MP: 3/3
    70 | Abyss:2  | Identified a scroll of acquirement
    70 | Abyss:2  | Acquired the +9 executioner's axe of Descent {vorpal, rF+
                  | Will- Dex+2 Stlth+}
    91 | Abyss:2  | Noticed a rakshasa
    91 | D:1      | Escaped the Abyss
   210 | D:1      | Reached * piety under Lugonu
   211 | D:1      | Reached XP level 2. HP: 29/29 MP: 5/5
   559 | D:1      | Reached XP level 3. HP: 35/35 MP: 6/6
  1312 | D:2      | Reached skill level 1 in Short Blades
  1312 | D:2      | Reached skill level 1 in Long Blades
  1312 | D:2      | Reached skill level 1 in Maces & Flails
  1312 | D:2      | Reached skill level 1 in Polearms
  1312 | D:2      | Reached skill level 1 in Staves
  1312 | D:2      | Reached skill level 1 in Slings
  1312 | D:2      | Reached skill level 1 in Bows
  1312 | D:2      | Reached skill level 1 in Crossbows
  1312 | D:2      | Reached skill level 1 in Throwing
  1312 | D:2      | Reached skill level 1 in Stealth
  1312 | D:2      | Reached skill level 1 in Shields
  1312 | D:2      | Reached skill level 1 in Unarmed Combat
  1312 | D:2      | Reached skill level 1 in Spellcasting
  1312 | D:2      | Reached skill level 1 in Evocations
  1324 | D:2      | Reached XP level 4. HP: 30/41 MP: 7/7
  1868 | D:3      | Reached ** piety under Lugonu
  1885 | D:3      | Noticed an ogre
  1994 | D:3      | Found a white marble altar of Elyvilon.
  2242 | D:3      | Reached skill level 1 in Conjurations
  2242 | D:3      | Reached skill level 1 in Hexes
  2242 | D:3      | Reached skill level 1 in Summonings
  2242 | D:3      | Reached skill level 1 in Necromancy
  2242 | D:3      | Reached skill level 1 in Translocations
  2242 | D:3      | Reached skill level 1 in Transmutations
  2242 | D:3      | Reached skill level 1 in Fire Magic
  2242 | D:3      | Reached skill level 1 in Ice Magic
  2242 | D:3      | Reached skill level 1 in Air Magic
  2242 | D:3      | Reached skill level 1 in Earth Magic
  2242 | D:3      | Reached skill level 1 in Poison Magic
  2257 | D:3      | Killed an ogre
  2258 | D:3      | Reached XP level 5. HP: 6/47 MP: 8/8
  2897 | D:4      | Noticed an ogre
  2950 | D:4      | Noticed a centaur
  3110 | D:4      | Killed a centaur
  3111 | D:4      | Reached skill level 5 in Invocations
  3111 | D:4      | Reached XP level 6. HP: 44/53 MP: 9/9
  3192 | D:4      | Reached skill level 5 in Axes
  3192 | D:4      | Reached skill level 5 in Armour
  3294 | D:4      | Found a sand-covered staircase.
  3309 | Ossuary  | Entered an ossuary
  3416 | Ossuary  | Reached XP level 7. HP: 34/59 MP: 10/10
  3642 | Ossuary  | Reached skill level 7 in Fighting
  3721 | Ossuary  | HP: 3/90 [scorpion zombie (2)]
  3875 | Ossuary  | Slain by a mummy

Illustrated notes

Levels and vault maps discovered:
D:1:      sevenhm_arrival_forest_fort_small_4, layout_basic
D:2:      layout_loops_ring
D:3:      layout_rooms, lemuel_round_altar
D:4:      layout_basic, nicolae_ossuary_entry_giza, gammafunk_ghost_grave
Ossuary:  ossuary_minmay_scorpions

Skill      XL: |  1  2  3  4  5  6  7 |
---------------+----------------------+-----
Short Blades   | 1 2 |  2.5
Long Blades    | 1 2 |  2.5
Maces & Flails | 1 2 |  2.5
Polearms       | 1 2 |  2.5
Staves         | 1 2 |  2.5
Slings         | 1 2 |  2.5
Bows           | 1 2 |  2.5
Crossbows      | 1 2 |  2.5
Throwing       | 1 2 |  2.5
Stealth        | 1 2 |  2.5
Shields        | 1 2 |  2.5
Unarmed Combat | 1 2 |  2.5
Spellcasting   | 1 2 |  2.5
Evocations     | 1 2 |  2.5
Conjurations   | 1 2 |  2.0
Hexes          | 1 2 |  2.0
Summonings     | 1 2 |  2.0
Necromancy     | 1 2 |  2.0
Translocations | 1 2 |  2.0
Transmutations | 1 2 |  2.0
Fire Magic     | 1 2 |  2.0
Ice Magic      | 1 2 |  2.0
Air Magic      | 1 2 |  2.0
Earth Magic    | 1 2 |  2.0
Poison Magic   | 1 2 |  2.0
Dodging        | 3 |  3.6
Invocations    | 5 |  5.4
Axes           | 5 |  5.2
Armour         | 5 |  5.2
Fighting       | 7 |  7.0

Action                   |  1- 3 |  4- 6 |  7- 9 || total
-------------------------+-------+-------+-------++-------
Melee: Hand axe          |    81 |   100 |    29 ||   210
       Bite              |     5 |    10 |     3 ||    18
       Punch             |       |     2 |       ||     2
Throw: Dart              |       |    30 |     2 ||    32
Invok: Depart the Abyss  |     1 |       |       ||     1
       Bend Space        |       |     2 |       ||     2
  Use: Scroll            |     4 |     2 |       ||     6
       Potion            |       |       |     3 ||     3
 Stab: Sleeping          |     1 |       |       ||     1
Armor: Leather armour    |    26 |    40 |     6 ||    72
Dodge: Dodged            |    63 |    91 |    23 ||   177

Table legend: (Time is in decaauts)
 A = Elapsed time spent in this place.
 B = Non-inter-level travel time spent in this place.
 C = Inter-level travel time spent in this place.
 D = Time resting spent in this place.
 E = Time spent auto-exploring this place.
 F = Levels seen in this place.
 G = Mean time per level.
                   A        B        C        D        E       F      G
               +--------+--------+--------+--------+--------+-----+--------+
         Total |   3904 |   3763 |    141 |   1054 |   1807 |   7 |  557.7 |
       Dungeon |   3242 |   3101 |    141 |    607 |   1704 |   4 |  810.5 |
         Abyss |     90 |     90 |      0 |      0 |     77 |   2 |   45.0 |
       Ossuary |    571 |    571 |      0 |    447 |     26 |   1 |  571.0 |
               +--------+--------+--------+--------+--------+-----+--------+

Top non-repeatable levels by time:
     D:3: 1129 daAuts
     D:1: 956 daAuts
     D:2: 917 daAuts
 Ossuary: 571 daAuts
     D:4: 238 daAuts
 Abyss:2: 50 daAuts
 Abyss:1: 40 daAuts
